 Dungeon Crawl Stone Soup version 0.29.1-1-gd02db6906a (webtiles) character file.

Game seed: 6384679496265987157

1686 JohnEldenRing the Protected (level 8, -2/105 HPs)
             Began as a Minotaur Berserker on Sept 29, 2022.
             Was an Elder of Trog.
             Killed by nerve-wracking pain
             ... invoked by an orc priest
              (6 damage)
             ... on level 6 of the Dungeon.
             The game lasted 00:23:19 (5227 turns).

JohnEldenRing the Protected (Minotaur Berserker)    Turns: 5227, Time: 00:23:19

Health: -2/105     AC:  8    Str: 24    XL:     8   Next: 71%
Magic:  6/6        EV: 12    Int:  4    God:    Trog [****..]
Gold:   404        SH:  0    Dex: 10    Spells: 7/7 levels left

rFire   . . .      SeeInvis .   y - +3 quarterstaff (chaos)
rCold   . . .      Faith    .   (shield currently unavailable)
rNeg    . . .      Spirit   .   o - +0 troll leather armour {Pargi}
rPois   +          Reflect  .   (helmet restricted)
rElec   .          Harm     .   z - +1 cloak
rCorr   .          Rampage  .   (no gloves)
Will    .....                   (no boots)
Stlth   ..........              (no amulet)
HPRegen 1.07/turn               (no ring)
MPRegen 0.10/turn               (no ring)

@: berserking, very quick
A: horns 2, retaliatory headbutt, hooves 1, low MP 1, poison resistance
a: Renounce Religion, Berserk, Trog's Hand, Brothers in Arms


You were on level 6 of the Dungeon.
You worshipped Trog.
Trog was greatly pleased with you.
You visited 1 branch of the dungeon, and saw 6 of its levels.
You also visited: Sewer.

You collected 404 gold pieces.

Inventory:

Hand Weapons
 d - a +0 hammer of holy wrath
 x - a +2 vorpal hammer
 y - a +3 quarterstaff of chaos (weapon)
Missiles
 i - 10 poisoned darts (quivered)
 k - 6 javelins
 t - 2 atropa-tipped darts
 C - a curare-tipped dart
Armour
 g - a +0 ring mail
 o - a +0 troll leather armour (worn) {Pargi}
 w - a +0 plate armour
 z - a +1 cloak (worn)
Wands
 p - a wand of roots (11)
Scrolls
 b - a scroll of butterflies {unknown}
 h - 2 scrolls of fear
 j - 2 scrolls of teleportation {unknown}
 l - 2 scrolls of magic mapping {unknown}
 m - a scroll of brand weapon {unknown}
 n - a scroll of enchant weapon {unknown}
 v - a scroll of acquirement {unknown}
 A - a scroll of identify
 B - a scroll of vulnerability {unknown}
Potions
 a - a potion of lignification {unknown}
 c - a potion of invisibility
 e - a potion of cancellation
 f - 2 potions of flight
 q - a potion of heal wounds
 r - 2 potions of degeneration
 s - a potion of curing
 u - a potion of brilliance


   Skills:
 - Level 6.0 Fighting
 - Level 6.0 Axes
 + Level 5.9 Throwing
 * Level 9.1 Armour
 - Level 2.2 Dodging


You had 7 spell levels left.
You didn't know any spells.
Your spell library was empty.

Dungeon Overview and Level Annotations

Branches:
Dungeon (6/15)             Temple (0/1) D:4           Sewer (visited)

Altars:
Gozag
Vehumet

Shops:
D:6 :


Innate Abilities, Weirdness & Mutations

You have a pair of horns on your head.
You reflexively headbutt those who attack you in melee.
You have large cloven feet.
Your magical capacity is low. (-10% MP)
Your system is resistant to poisons. (rPois)


Message History

* * * LOW HITPOINT WARNING * * *
You sock something!
You feel better.
Your kick misses something.
The orc wizard hits you but does no damage.
Something hits you!
* * * LOW HITPOINT WARNING * * *
You see here a poisoned dart.
You barely miss the orc wizard.
The orc wizard hits you with a +0 dagger.
* * * LOW HITPOINT WARNING * * *
Something hits you.
* * * LOW HITPOINT WARNING * * *
You sock the orc wizard!
The orc wizard is poisoned.
The orc wizard is heavily wounded.
The orc wizard hits you with a +0 dagger.
* * * LOW HITPOINT WARNING * * *
Something hits you!
* * * LOW HITPOINT WARNING * * *
You bludgeon the orc wizard!!
You feel the power of Trog in you as your rage grows.
You kill the orc wizard!
Trog accepts your kill.
Trog appreciates your killing of a magic user.
The orc throws a boomerang.
The boomerang hits you but does no damage.
Something hits you!
* * * LOW HITPOINT WARNING * * *
You sock something! Trog accepts your kill.
You can now call in reinforcements.
Reactivating autopickup.
You feel a bit more experienced.
Your Armour skill increases to level 9!
Okay, then.
The orc barely misses you.
Items here: )) [ †.
You bludgeon the orc!!
You kill the orc!
Trog accepts your kill.
The orc priest mumbles some strange prayers to Beogh against you.
Pain shoots through your body!
You die...

... ... #.#
#.# #(# #o#
##### #)#
.....
#@###...###
#(#.......#
#.).#...$.#
#.........#
#.###......
#.# .....
#.# ....
#.# #.. #.#
#


You could see an orc priest.

Vanquished Creatures
  A raiju (shapeshifter) (D:5)
  An orc warrior (D:6)
  Pargi (Sewer)
  An ice beast (D:5)
  A sky beast (D:6)
  A black bear (D:6)
  A phantom (D:5)
  A kobold brigand (D:5)
  A bullfrog (D:4)
  A necrophage (D:5)
  A gnoll sergeant (D:5)
  2 scorpions (D:6)
  4 hounds
  Crazy Yiuf (D:4)
  A jelly (D:5)
  Ijyb (D:3)
  2 iguanas (D:5)
  An orc wizard (D:6)
  Robin (D:4)
  10 gnolls
  6 adders
  A shadow imp (D:5)
  A white imp (D:5)
  An ufetubus (D:5)
  A worm (D:4)
  5 dart slugs
  3 orcs
  4 ball pythons
  8 bats
  6 endoplasms
  9 giant cockroaches
  15 goblins
  7 hobgoblins (D:4)
  29 kobolds
  3 quokkas
  6 frilled lizards
  9 rats
148 creatures vanquished.

Vanquished Creatures (others)
  A fungus (D:4)
  60 plants (D:5)
61 creatures vanquished.

Grand Total: 209 creatures vanquished

Notes
Turn   | Place    | Note
-------+----------+-------------------------------------------
     0 | D:1      | JohnEldenRing the Minotaur Berserker began the quest for
                  | the Orb.
     0 | D:1      | Reached XP level 1. HP: 19/19 MP: 0/0
    59 | D:2      | Reached XP level 2. HP: 14/28 MP: 1/1
   319 | D:2      | Reached skill level 5 in Fighting
   319 | D:2      | Reached XP level 3. HP: 30/36 MP: 2/2
   324 | D:2      | Found a radiant altar of Vehumet.
   720 | D:4      | HP: 2/54 [hobgoblin (5)]
   721 | D:4      | Reached XP level 4. HP: 2/44 MP: 3/3
  1150 | D:4      | Found a glowing drain.
  1189 | Sewer    | Entered a sewer
  1302 | Sewer    | Reached ** piety under Trog
  1321 | Sewer    | Noticed Pargi
  1333 | Sewer    | Killed Pargi
  1334 | Sewer    | Reached skill level 5 in Axes
  1334 | Sewer    | Reached skill level 1 in Throwing
  1334 | Sewer    | Reached XP level 5. HP: 5/50 MP: 4/4
  1963 | D:4      | Reached XP level 6. HP: 45/57 MP: 5/5
  1973 | D:3      | Noticed Ijyb
  1983 | D:3      | Killed Ijyb
  2079 | D:3      | Gained mutation: You have large cloven feet. [potion of
                  | mutation]
  2079 | D:3      | Gained mutation: Your magical capacity is low. (-10% MP)
                  | [potion of mutation]
  2079 | D:3      | Gained mutation: Your system is resistant to poisons.
                  | (rPois) [potion of mutation]
  2891 | D:1      | Found a faded altar of an unknown god.
  3316 | D:4      | Found a runed translucent door.
  3317 | D:4      | Noticed Crazy Yiuf
  3323 | D:4      | Killed Crazy Yiuf
  3324 | D:4      | Reached skill level 3 in Armour
  3455 | D:4      | Found a staircase to the Ecumenical Temple.
  3455 | D:4      | Noticed Robin
  3456 | D:4      | Killed Robin
  3913 | D:5      | Entered Level 5 of the Dungeon
  3993 | D:5      | Reached skill level 4 in Armour
  3993 | D:5      | Reached XP level 7. HP: 62/63 MP: 5/5
  4136 | D:5      | Reached skill level 5 in Armour
  4169 | D:5      | Reached *** piety under Trog
  4187 | D:5      | Reached skill level 6 in Armour
  4333 | D:5      | Found an opulent altar of Gozag.
  4473 | D:5      | Noticed a shapeshifter
  4473 | D:5      | an ogre changed into a shapeshifter
  4473 | D:5      | Noticed a culicivora
  4473 | D:5      | a shapeshifter changed into a culicivora
  4474 | D:5      | Noticed a raiju
  4474 | D:5      | a culicivora changed into a raiju
  4481 | D:5      | Killed a raiju
  4482 | D:5      | Reached skill level 5 in Throwing
  4482 | D:5      | Reached skill level 7 in Armour
  4482 | D:5      | Reached XP level 8. HP: 50/70 MP: 6/6
  5112 | D:6      | Found Peock's Book Boutique.
  5119 | D:6      | Reached skill level 8 in Armour
  5224 | D:6      | HP: 2/105 [something (12)]
  5225 | D:6      | Reached **** piety under Trog
  5226 | D:6      | Reached skill level 9 in Armour
  5227 | D:6      | Killed from afar by an orc priest

Illustrated notes

Levels and vault maps discovered:
D:1:      dpeg_arrival_simpleton_c, layout_rooms,
          hellmonk_ecumenical_altar_run_dry, serial_park_tiny_2, st_stairs_2
D:2:      layout_rooms, basic_altar, minmay_misc_feat_cross, nrook_loot_triangle
D:3:      layout_basic, uniq_ijyb
D:4:      layout_gridville, temple_statues, portal_sewer_entry_a,
          bh_walls_and_bars, uniq_robin, uniq_crazy_yiuf_cottage
D:5:      kennysheep_kobold_camp, layout_loops_ring, general_overflow_altar,
          minmay_bent
D:6:      layout_rooms, makhleb_heckhound_becter, kennysheep_mini_moat,
          serial_shops, kennysheep_little_box

Skill      XL: |  1  2  3  4  5  6  7  8 |
---------------+-------------------------+-----
Fighting       | 4 5 6 |  6.0
Axes           | 5 6 |  6.0
Throwing       | 1 2 3 5 |  5.9
Armour         | 4 7 9 |  9.1
Dodging        | |  2.2

Action                   |  1- 3 |  4- 6 |  7- 9 || total
-------------------------+-------+-------+-------++-------
Melee: Hand axe          |    53 |   111 |       ||   164
       Headbutt          |     5 |    21 |    19 ||    45
       Punch             |     1 |     2 |       ||     3
       Quarterstaff      |       |    18 |    84 ||   102
       Kick              |       |    14 |    23 ||    37
       Mace              |       |     8 |       ||     8
Throw: Boomerang         |     2 |     6 |    16 ||    24
       Javelin           |       |    10 |     4 ||    14
       Dart              |       |       |     8 ||     8
Invok: Berserk           |     2 |     4 |     3 ||     9
  Use: Scroll            |       |    11 |       ||    11
       Potion            |       |     1 |       ||     1
 Stab: Sleeping          |       |     1 |       ||     1
Armor: Animal skin       |    15 |     6 |       ||    21
       Troll leather arm |       |    24 |    28 ||    52
Dodge: Dodged            |    38 |    84 |    64 ||   186
